[Event "IMSA Blitz Women 2019"]
[Site "Hengshui"]
[Date "2019.05.18"]
[Round "11.1"]
[White "Dzagnidze, Nana"]
[Black "Harika, Dronavalli"]
[Result "1/2-1/2"]
[ECO "D47"]
[WhiteElo "2510"]
[BlackElo "2492"]
[Annotator "RC"]
[PlyCount "132"]
[EventDate "2019.05.17"]
[EventType "blitz"]
[EventCountry "CHN"]
[SourceTitle "playchess.com"]
[Source "ChessBase"]
[SourceQuality "1"]
[TimeControl "180+2"]

1. d4 d5 2. c4 e6 3. Nc3 c6 4. e3 Nf6 5. Nf3 Nbd7 6. Bd3 dxc4 7. Bxc4 b5 8. Bd3 Bd6 9. a4 b4 10. Ne4 Nxe4 11. Bxe4 Bb7 12. O-O Nf6 13. Bd3 c5 14. Bb5+ Ke7 15. b3 a6 16. Bc4 Qc7 17. dxc5 Bxc5 18. h3 Rhd8 19. Qe2 Ne4 20. Bb2 Nc3 21. Bxc3 bxc3 22. Rac1 Qa5 23. Ne5 Bd6 24. Nd3 Rac8 25. e4 g6 26. Rc2 Be5 27. f4 Bd4+ 28. Kh1 Qh5 29. Rf3 Kf8 30. Nf2 Qc5 31. Bxa6 Bxa6 32. Qxa6 Bxf2 33. Rfxf2 Rd1+ 34. Kh2 Kg7 35. e5 Rcd8 36. Qc4 Qxc4 37. bxc4 R8d3 38. c5 Ra1 39. Rf3 Rxf3 40. gxf3 Rxa4 41. Rxc3 Kf8 42. c6 Ra8 43. Kg3 Ke7 44. Kg4 h6 45. Rd3 Rc8 46. Rd6 Rc7 47. Kg3 Ra7 48. Kf2 Ra3 49. Rd7+ Ke8 50. Ke2 Rc3 51. Rd6 Ke7 52. Kd2 Rc5 53. Kd3 Rc1 54. Kd4 Ke8 55. Kd3 Ke7 56. Kd2 Rc4 57. Kd3 Rc1 58. Ke3 Ke8 59. h4 h5 60. Ke2 Rc4 61. Kd3 Rc1 62. Kd2 Rc4 63. Ke3 Rc3+ 64. Kd4 Rc1 65. Ke3 Rc3+ 66. Kd2 Rc4 1/2-1/2

[Event "IMSA Blitz Women 2019"]
[Site "Hengshui"]
[Date "2019.05.18"]
[Round "11.1"]
[White "Krush, Irina"]
[Black "Koneru, Humpy"]
[Result "1-0"]
[ECO "D31"]
[WhiteElo "2422"]
[BlackElo "2553"]
[Annotator "RC"]
[PlyCount "121"]
[EventDate "2019.05.17"]
[EventType "blitz"]
[EventCountry "CHN"]
[SourceTitle "playchess.com"]
[Source "ChessBase"]
[SourceQuality "1"]
[TimeControl "180+2"]

1. d4 d5 2. c4 e6 3. Nc3 Be7 4. cxd5 exd5 5. Bf4 Nf6 6. e3 c6 7. Bd3 O-O 8. Qc2 Re8 9. Nf3 Bd6 10. Ne5 Qe7 11. Bg3 h6 12. f4 Nfd7 13. O-O-O Nf8 14. Bf2 Nbd7 15. h3 f6 16. Nf3 Nb6 17. Kb1 Nc4 18. Rde1 b5 19. e4 Bxf4 20. exd5 Qf7 21. dxc6 Nd6 22. Nxb5 Be6 23. Nc3 Rab8 24. g3 Rec8 25. gxf4 Rxc6 26. Ka1 Rcb6 27. d5 Bxd5 28. Nxd5 Rxb2 29. Qc5 Nb7 30. Qd4 Na5 31. Rb1 R2b7 32. Qe4 f5 33. Qxf5 Qe8 34. Rhg1 Rxb1+ 35. Bxb1 Qa4 36. Nf6+ Kh8 37. Bc2 Qb4 38. Bd4 Nc6 39. Be5 Nxe5 40. Qxe5 Rc8 41. Nd5 Qb7 42. Nd4 Rd8 43. Nf5 Rxd5 44. Qxg7+ Qxg7+ 45. Nxg7 Rd4 46. f5 Rd2 47. Bb3 Nd7 48. Ne6 Nf6 49. Rc1 Rf2 50. Nd4 Rf4 51. Rd1 Kh7 52. Be6 a5 53. Nc6 a4 54. Ne5 h5 55. Kb2 Rh4 56. Rd3 Re4 57. Ng6 Kh6 58. h4 Ng4 59. Ka3 Nf2 60. Rd7 Nh3 61. Bg8 1-0

[Event "IMSA Blitz Women 2019"]
[Site "Hengshui"]
[Date "2019.05.18"]
[Round "11.2"]
[White "Lei, Tingjie"]
[Black "Zhao, Xue"]
[Result "1-0"]
[ECO "B04"]
[WhiteElo "2507"]
[BlackElo "2485"]
[Annotator "RC"]
[PlyCount "72"]
[EventDate "2019.05.17"]
[EventType "blitz"]
[EventCountry "CHN"]
[SourceTitle "playchess.com"]
[Source "ChessBase"]
[SourceQuality "1"]
[TimeControl "180+2"]

1. e4 Nf6 2. e5 Nd5 3. d4 d6 4. Nf3 c6 5. c4 Nb6 6. exd6 exd6 7. Nc3 Bg4 8. b3 Be7 9. Be2 O-O 10. O-O Re8 11. Be3 N8d7 12. Qd2 Nf8 13. a4 a5 14. Rfe1 d5 15. c5 Nbd7 16. h3 Bxf3 17. Bxf3 Bf6 18. Ne2 Ne6 19. Bg4 Ndf8 20. b4 axb4 21. Qxb4 Ra7 22. a5 Qc7 23. Reb1 Rea8 24. Bf5 g6 25. Bg4 h5 26. Bf3 Ng5 27. Bxg5 Bxg5 28. g3 h4 29. gxh4 Bxh4 30. Bg4 Qe7 31. Rb3 Qf6 32. Bf3 Ne6 33. Rf1 Ng5 34. Bg2 Rxa5 35. f4 Ne4 36. Bxe4 dxe4 1-0

[Event "IMSA Blitz Women 2019"]
[Site "Hengshui"]
[Date "2019.05.18"]
[Round "11.2"]
[White "Harika, Dronavalli"]
[Black "Dzagnidze, Nana"]
[Result "1/2-1/2"]
[ECO "A48"]
[WhiteElo "2492"]
[BlackElo "2510"]
[Annotator "RC"]
[PlyCount "135"]
[EventDate "2019.05.17"]
[EventType "blitz"]
[EventCountry "CHN"]
[SourceTitle "playchess.com"]
[Source "ChessBase"]
[SourceQuality "1"]
[TimeControl "180+2"]

1. d4 Nf6 2. Bg5 g6 3. Nf3 Bg7 4. Nbd2 O-O 5. c3 d6 6. e4 Nbd7 7. Be2 h6 8. Bh4 e5 9. dxe5 dxe5 10. O-O Qe7 11. Qc2 b6 12. b4 Bb7 13. Rfe1 Rfe8 14. Bc4 Nf8 15. Bg3 Nh5 16. Nf1 Nxg3 17. hxg3 Ne6 18. Ne3 c6 19. a4 Rac8 20. a5 b5 21. a6 Ba8 22. Bb3 c5 23. bxc5 Rxc5 24. Bd5 Qc7 25. Qb2 Bc6 26. Red1 Rb8 27. Bxc6 Qxc6 28. Nd5 Kh7 29. Qa2 Rc4 30. Nd2 Ra4 31. Qb3 Qxa6 32. Rxa4 Qxa4 33. Qxa4 bxa4 34. Ra1 Nc5 35. Nc4 Nxe4 36. f3 Nc5 37. g4 e4 38. fxe4 Nxe4 39. Rxa4 Nxc3 40. Nxc3 Bxc3 41. Kf2 Kg7 42. Kf3 Bd4 43. Ke4 Bg1 44. Ra1 Re8+ 45. Kd5 Bb6 46. Ra2 Re1 47. Nd6 Rd1+ 48. Kc6 Bd4 49. Re2 Bb6 50. Re7 Rf1 51. Rb7 h5 52. g5 Be3 53. Ne8+ Kf8 54. Nf6 Kg7 55. Ne8+ Kf8 56. Nf6 Bxg5 57. Nh7+ Kg7 58. Nxg5 Rf5 59. Ne6+ Kf6 60. Nd8 Kg5 61. Nxf7+ Kh4 62. Rxa7 Kg3 63. Nh8 g5 64. Rg7 Kxg2 65. Nf7 g4 66. Nh6 Ra5 67. Nxg4 hxg4 68. Rxg4+ 1/2-1/2

[Event "IMSA Blitz Women 2019"]
[Site "Hengshui"]
[Date "2019.05.18"]
[Round "11.2"]
[White "Paehtz, Elisabeth"]
[Black "Khotenashvili, Bela"]
[Result "1/2-1/2"]
[ECO "A40"]
[WhiteElo "2470"]
[BlackElo "2476"]
[Annotator "RC"]
[PlyCount "97"]
[EventDate "2019.05.17"]
[EventType "blitz"]
[EventCountry "CHN"]
[SourceTitle "playchess.com"]
[Source "ChessBase"]
[SourceQuality "1"]
[TimeControl "180+2"]

1. d4 g6 2. Nf3 Bg7 3. Bg5 c5 4. c3 Qb6 5. Qc2 d5 6. e3 Bf5 7. Qb3 c4 8. Qa3 Nc6 9. Nbd2 Nf6 10. b3 cxb3 11. axb3 O-O 12. Be2 Rfe8 13. O-O e5 14. dxe5 Nxe5 15. Nd4 Bd3 16. Bxd3 Nxd3 17. Bxf6 Bxf6 18. N2f3 a6 19. Rfd1 Ne5 20. Nxe5 Bxe5 21. Rd3 Rac8 22. Qb2 Qc5 23. Ne2 Qc7 24. g3 Re6 25. Qd2 Rc6 26. Rc1 h5 27. h4 Bf6 28. Kg2 Kh7 29. Kg1 Kg8 30. Kf1 Bg7 31. Kg2 Be5 32. Rc2 Bg7 33. Rc1 Qb6 34. b4 Qc7 35. Rc2 Rc4 36. Rc1 Be5 37. Rxd5 Bxc3 38. Nxc3 Rxc3 39. Rxc3 Qxc3 40. Qxc3 Rxc3 41. Rd7 b5 42. Rd6 Rc4 43. Rxa6 Rxb4 44. Rb6 Kg7 45. Kf3 Rb2 46. Kg2 Kf8 47. Rb7 Kg7 48. Rb6 Kf8 49. Rb7 1/2-1/2

[Event "IMSA Blitz Women 2019"]
[Site "Hengshui"]
[Date "2019.05.18"]
[Round "11.2"]
[White "Bodnaruk, Anastasia"]
[Black "Tan, Zhongyi"]
[Result "1-0"]
[ECO "C65"]
[WhiteElo "2431"]
[BlackElo "2513"]
[Annotator "RC"]
[PlyCount "110"]
[EventDate "2019.05.17"]
[EventType "blitz"]
[EventCountry "CHN"]
[SourceTitle "playchess.com"]
[Source "ChessBase"]
[SourceQuality "1"]
[TimeControl "180+2"]

1. e4 e5 2. Nf3 Nc6 3. Bb5 Nf6 4. d3 Bc5 5. Nbd2 O-O 6. O-O d6 7. c3 a6 8. Bxc6 bxc6 9. h3 Bb6 10. d4 exd4 11. cxd4 Re8 12. Re1 c5 13. d5 Ba5 14. Re2 Bxd2 15. Nxd2 Bd7 16. b3 c6 17. dxc6 Bxc6 18. f3 d5 19. e5 Nh5 20. Nf1 Bb5 21. Re1 d4 22. f4 Qh4 23. Bd2 Ng3 24. Nxg3 Qxg3 25. Qg4 Qxg4 26. hxg4 g6 27. Rac1 Rac8 28. Kf2 Bd3 29. Ba5 Re6 30. Red1 Bb5 31. Rxd4 f6 32. Rd5 fxe5 33. fxe5 Rf8+ 34. Kg3 c4 35. bxc4 Bc6 36. Rc5 g5 37. Rd1 Ba4 38. Rd6 Rfe8 39. Rxe6 Rxe6 40. Bc7 Kf7 41. Bd6 Re8 42. Rc7+ Kg6 43. c5 Bb5 44. Rb7 h5 45. gxh5+ Kxh5 46. Rb6 Rc8 47. e6 Kg6 48. e7 Kf7 49. Kg4 Rg8 50. Kf5 Bd7+ 51. Ke5 Rg6 52. c6 Bg4 53. Rb8 Re6+ 54. Kd5 Re2 55. Rf8+ Kg7 {[%emt 0:00:02] Ke4} 1-0